 Dungeon Crawl Stone Soup version 0.29.1 (webtiles) character file.

Game seed: 619155696183639498

2894 qw the Cleaver (level 9, -12/56 HPs)
             Began as a Gargoyle Fighter on Sept 13, 2022.
             Was a Believer of Okawaru.
             Killed by the air
             ... invoked by Gastronok
              (14 damage)
             ... on level 9 of the Dungeon.
             The game lasted 00:02:45 (8214 turns).

qw the Cleaver (Gargoyle Fighter)                   Turns: 8214, Time: 00:02:46

Health: -12/56     AC: 30    Str: 24    XL:     9   Next: 77%
Magic:  11/12      EV: 12    Int:  9    God:    Okawaru [**....]
Gold:   517        SH: 11    Dex:  9    Spells: 8/8 levels left

rFire   . . .      SeeInvis .   Y - +2 war axe
rCold   . . .      Faith    .   c - +0 buckler
rNeg    + . .      Spirit   .   k - +2 plate armour {rPois}
rPois   inf        Reflect  +   (no helmet)
rElec   +          Harm     .   a - +0 cloak
rCorr   .          Rampage  .   (no gloves)
Will    .....                   v - +0 pair of boots
Stlth   ..........              t - amulet of reflection
HPRegen 0.18/turn               q - +4 ring of protection
MPRegen 0.13/turn               l - +4 ring of evasion

@: about to teleport, heroic, slowed, very slow
A: sickness immunity, AC +6, negative energy resistance 1, electricity
resistance, torment resistance 1, petrification resistance
a: Renounce Religion, Heroism


You were on level 9 of the Dungeon.
You worshipped Okawaru.
Okawaru was pleased with you.
You visited 2 branches of the dungeon, and saw 10 of its levels.

You collected 517 gold pieces.


Innate Abilities, Weirdness & Mutations

You are immune to sickness and miasma.
Your stone body is resilient. (AC +6)
You are immune to poison.
You resist negative energy. (rN+)
You are resistant to electric shocks. (rElec)
You are resistant to unholy torment.
You are immune to petrification.


   Skills:
 + Level 6.9(11.9) Fighting
 - Level 9.1(14.1) Axes
 - Level 1.0(6.0) Throwing
 - Level 6.0(11.0) Armour
 - Level 1.0(6.0) Dodging
 - Level 4.2(9.2) Shields
 - Level 4.4 Invocations


You had 8 spell levels left.
You didn't know any spells.
Your spell library was empty.

Inventory:

Hand Weapons
 f - a +3 flail of protection
 Y - a +2 war axe (weapon)
Armour
 a - a +0 cloak (worn)
 c - a +0 buckler (worn)
 k - a +2 plate armour of poison resistance (worn)
 v - a +0 pair of boots (worn)
Jewellery
 l - a +4 ring of evasion (right hand)
 o - a ring of resist corrosion
 q - a +4 ring of protection (left hand)
 r - a ring of protection from fire
 t - an amulet of reflection (around neck)
Scrolls
 b - 2 scrolls of identify
 e - 9 scrolls of teleportation
 n - a scroll of brand weapon {unknown}
Potions
 d - 5 potions of might
 g - a potion of mutation
 h - a potion of resistance
 i - a potion of lignification
 m - 4 potions of curing
 p - 2 potions of heal wounds
 s - a potion of haste
 u - a potion of magic
 w - a potion of experience {unknown}

Dungeon Overview and Level Annotations

Branches:
Dungeon (9/15)             Temple (1/1) D:4
   Lair: D:8-11         Orc: D:9-12

Altars:
Ashenzari
Cheibriados
Dithmenos
Elyvilon
Fedhas
Gozag
Hepliaklqana
Kikubaaqudgha
Makhleb
Nemelex Xobeh
Okawaru
Qazlal
Ru
Sif Muna
Trog
Uskayaw
Vehumet
Wu Jian
Xom
Yredelemnul
Zin
The Shining One

Annotations:
D:8 2 runed translucent doors
D:9 Gastronok


Message History

You hit Gastronok.
Gastronok is heavily wounded.
Gastronok casts a spell at you.
You feel yourself slow down.
You slash Gastronok!
Gastronok is severely wounded.
You slash Gastronok!
Gastronok is severely wounded.
You feel like a meek peon again.
Gastronok casts a spell.
8209 ||| INVOKING Heroism.
You gain the combat prowess of a mighty hero.
The bat barely misses you. Gastronok bites you but does no damage.
You slice Gastronok!!
Gastronok is almost dead.
You hit the river rat but do no damage. You block the river rat's attack.
You slash Gastronok!
Gastronok is almost dead.
You hit the river rat but do no damage.
The river rat bites you but does no damage.
Gastronok's eyestalks quiver as he mumbles some strange words.
Gastronok puts on a burst of speed!
You slash Gastronok!
Gastronok is almost dead.
You closely miss the river rat.
The river rat bites you but does no damage.
You block the river rat's attack.
You hit Gastronok.
Gastronok is almost dead.
You hit the river rat.
Gastronok waves his eye-stalks in wide circles.
The air twists around and strikes you! The river rat bites you.
8214 ||| READING 10 scrolls of teleportation.
As you read the scroll of teleportation, it crumbles to dust.
You feel strangely unstable. You block the river rat's attack.
Gastronok waves his eye-stalks in wide circles.
The air twists around and strikes you!
You die...

#.# #.# #.# #.# ##########
#.# #........#### #.#
#...........####### #####.###
#........##.##.....
#.......###...)....##.##.####
#.#.........@#####.##.#..#
#.########rw.# #.#.## #.
.b..... #...# #.
...##.#####..## #
###.##)..<....# #.#####.#####
#.# #.# #.. ..# ####


You could see Gastronok (swift), a river rat (summoned) and a bat (summoned).

Vanquished Creatures
  A hornet (D:8)
  A vampire (D:9)
  4 steam dragons
  An orc warrior (D:7)
  A sky beast (D:8)
  2 black bears (D:6)
  An ogre (D:5)
  2 centaurs
  A kobold brigand (D:9)
  2 phantoms
  3 bullfrogs
  A necrophage (D:5)
  A scorpion (D:5)
  6 killer bees (D:9)
  2 howler monkeys
  A hound (D:6)
  2 gnoll boudas (D:8)
  A jelly (D:8)
  2 orc priests
  An iguana (D:2)
  An orc wizard (D:9)
  11 gnolls
  10 adders
  A shadow imp (D:7)
  A white imp (D:8)
  An ufetubus (D:6)
  3 worms
  4 dart slugs
  6 orcs
  7 endoplasms
  5 giant cockroaches
  8 goblins
  4 hobgoblins
  5 jackals
  10 kobolds
  4 quokkas
  2 ball pythons
  4 bats
  4 frilled lizards
  6 rats
133 creatures vanquished.

Vanquished Creatures (others)
  19 plants
19 creatures vanquished.

Grand Total: 152 creatures vanquished

Notes
Turn   | Place    | Note
-------+----------+-------------------------------------------
     0 | D:1      | qw the Gargoyle Fighter began the quest for the Orb.
     0 | D:1      | Reached XP level 1. HP: 14/14 MP: 1/1
     0 | D:1      | 0 ||| qw: Version: 0.1-a-119-g272c26d
     0 | D:1      | 0 ||| qw: Game counter: 11094
     0 | D:1      | 0 ||| qw: Always use a shield: true
     0 | D:1      | 0 ||| qw: God list: Okawaru
     0 | D:1      | 0 ||| qw: Allow faded altars: false
     0 | D:1      | 0 ||| qw: Do Orc after D:15 true
     0 | D:1      | 0 ||| qw: Do second Lair branch before Depths: true
     0 | D:1      | 0 ||| qw: Lair rune preference: random
     0 | D:1      | 0 ||| qw: Plans: Normal, Zot, God:TSO, Crypt, Tomb, Pan,
                  | Slime, Hells, Zig, Abyss, Orb
     0 | D:1      | 0 ||| PLANNING D:1-11
    26 | D:1      | Reached skill level 2 in Axes
   288 | D:1      | Reached XP level 2. HP: 19/19 MP: 2/2
   814 | D:1      | Reached skill level 3 in Axes
   869 | D:1      | 869 ||| UPGRADING to ring of protection from fire.
   870 | D:1      | 870 ||| READING scroll labelled JYUKYO TOROFRU.
   871 | D:1      | 871 ||| READING scroll labelled QOINUCO PEIMO.
   872 | D:1      | 872 ||| READING scroll labelled OXTUMUQEIS.
   873 | D:1      | 873 ||| READING 2 scrolls labelled AFEBBECZOT.
   974 | D:1      | 974 ||| READING scroll labelled NAINUMU LEIZUH.
   978 | D:1      | 978 ||| DROPPING scroll of silence.
  1015 | D:2      | Reached XP level 3. HP: 19/23 MP: 3/3
  1277 | D:2      | 1277 ||| READING scroll labelled FUGHOTT HEKUE.
  1278 | D:2      | 1278 ||| READING scroll labelled FYONYNLOARA.
  1291 | D:2      | Reached XP level 4. HP: 27/28 MP: 4/4
  1378 | D:2      | 1378 ||| READING scroll labelled RUFOUM VEILIE.
  1379 | D:2      | 1379 ||| DRINKING 2 puce potions.
  1520 | D:2      | Reached skill level 4 in Axes
  1642 | D:2      | 1642 ||| FLEEEEING.
  1649 | D:2      | 1649 ||| Stepping ~*~*~tactically~*~*~ (hiding).
  1686 | D:2      | 1686 ||| Stepping ~*~*~tactically~*~*~ (hiding).
  1704 | D:2      | HP: 2/28 [gnoll/+0 spear (6)]
  1705 | D:2      | 1705 ||| READING 2 scrolls of teleportation.
  1706 | D:2      | 1706 ||| DRINKING potion of heal wounds.
  1773 | D:2      | 1773 ||| Stepping ~*~*~tactically~*~*~ (stealth).
  1775 | D:2      | 1775 ||| FLEEEEING.
  1778 | D:2      | 1778 ||| FLEEEEING.
  1779 | D:2      | 1779 ||| FLEEEEING.
  1780 | D:2      | 1780 ||| FLEEEEING.
  1781 | D:2      | 1781 ||| FLEEEEING.
  1782 | D:2      | 1782 ||| FLEEEEING.
  1783 | D:2      | 1783 ||| FLEEEEING.
  1784 | D:2      | 1784 ||| FLEEEEING.
  1789 | D:2      | 1789 ||| FLEEEEING.
  1790 | D:2      | 1790 ||| FLEEEEING.
  1791 | D:2      | 1791 ||| FLEEEEING.
  1792 | D:2      | 1792 ||| FLEEEEING.
  1793 | D:2      | 1793 ||| FLEEEEING.
  1798 | D:2      | 1798 ||| FLEEEEING.
  1799 | D:2      | 1799 ||| FLEEEEING.
  1811 | D:2      | 1811 ||| FLEEEEING.
  1812 | D:2      | 1812 ||| FLEEEEING.
  1813 | D:2      | 1813 ||| FLEEEEING.
  1820 | D:2      | 1820 ||| FLEEEEING.
  1821 | D:2      | 1821 ||| FLEEEEING.
  1822 | D:2      | 1822 ||| FLEEEEING.
  1823 | D:2      | 1823 ||| FLEEEEING.
  1824 | D:2      | 1824 ||| FLEEEEING.
  1828 | D:2      | 1828 ||| STAIRDANCE
  1882 | D:2      | 1882 ||| STAIRDANCE
  1943 | D:2      | 1943 ||| DROPPING +0 club.
  2213 | D:2      | 2213 ||| UPGRADING to +2 plate armour of poison resistance.
  2223 | D:2      | 2223 ||| DROPPING +0 scale mail.
  2284 | D:3      | Reached XP level 5. HP: 32/32 MP: 5/5
  2395 | D:3      | Found a stormy altar of Qazlal.
  2402 | D:3      | Found a radiant altar of Vehumet.
  2406 | D:3      | Found an opulent altar of Gozag.
  2451 | D:3      | 2451 ||| Stepping ~*~*~tactically~*~*~ (stealth).
  2452 | D:3      | 2452 ||| Stepping ~*~*~tactically~*~*~ (stealth).
  2453 | D:3      | 2453 ||| Stepping ~*~*~tactically~*~*~ (stealth).
  2454 | D:3      | 2454 ||| Stepping ~*~*~tactically~*~*~ (stealth).
  2546 | D:3      | 2546 ||| DROPPING +0 whip.
  2574 | D:3      | 2574 ||| Stepping ~*~*~tactically~*~*~ (stealth).
  2575 | D:3      | 2575 ||| Stepping ~*~*~tactically~*~*~ (stealth).
  2576 | D:3      | 2576 ||| Stepping ~*~*~tactically~*~*~ (stealth).
  2580 | D:3      | 2580 ||| Stepping ~*~*~tactically~*~*~ (stealth).
  2604 | D:3      | 2604 ||| Stepping ~*~*~tactically~*~*~ (stealth).
  2670 | D:3      | Found a faded altar of an unknown god.
  2798 | D:3      | 2798 ||| UPGRADING to +4 ring of evasion.
  2799 | D:3      | 2799 ||| READING scroll labelled UKLAXZ COJALL.
  2800 | D:3      | 2800 ||| DRINKING 2 lumpy emerald potions.
  2801 | D:3      | 2801 ||| READING 2 scrolls of identify.
  2801 | D:3      | 2801 ||| IDENTIFYING fuming emerald potion
  2802 | D:3      | 2802 ||| DROPPING potion of brilliance.
  2879 | D:4      | Found a staircase to the Ecumenical Temple.
  2880 | D:4      | 2880 ||| PLANNING TEMPLE
  2880 | D:4      | 2880 ||| READING 2 scrolls labelled COJUYJ ELES.
  2881 | D:4      | 2881 ||| READING scroll labelled YDGHETO ICECAGH.
  2882 | D:4      | 2882 ||| DROPPING scroll of fear.
  2890 | Temple   | Entered the Ecumenical Temple
  3049 | Temple   | 3049 ||| PLANNING D:1-11
  3079 | D:4      | Reached skill level 5 in Axes
  3495 | D:4      | Found a hazy altar of Hepliaklqana.
  3557 | D:4      | Found an ancient bone altar of Kikubaaqudgha.
  3740 | D:4      | 3740 ||| READING 2 scrolls of identify.
  3740 | D:4      | 3740 ||| IDENTIFYING lumpy black potion
  3749 | D:5      | Entered Level 5 of the Dungeon
  3749 | D:5      | Noticed a phantom
  3759 | D:5      | Killed a phantom
  3760 | D:5      | Reached XP level 6. HP: 30/39 MP: 6/6
  3865 | D:5      | Found an iron altar of Okawaru.
  3905 | D:5      | 3905 ||| Stepping ~*~*~tactically~*~*~ (hiding).
  4267 | D:5      | Reached skill level 6 in Axes
  4267 | D:5      | Reached XP level 7. HP: 25/44 MP: 7/7
  4657 | D:5      | 4657 ||| UPGRADING to +0 cloak.
  4662 | D:5      | 4662 ||| READING 2 scrolls of identify.
  4662 | D:5      | 4662 ||| IDENTIFYING bubbling white potion
  4725 | D:5      | Became a worshipper of Warmaster Okawaru
  4849 | D:6      | Noticed a steam dragon
  4867 | D:6      | Killed a steam dragon
  5027 | D:6      | Reached * piety under Okawaru
  5119 | D:6      | Reached skill level 7 in Axes
  5119 | D:6      | Reached skill level 1 in Invocations
  5119 | D:6      | Reached XP level 8. HP: 40/48 MP: 7/9
  5303 | D:6      | Found a bloodstained altar of Trog.
  5304 | D:6      | 5304 ||| INVOKING Heroism.
  5313 | D:6      | Reached skill level 1 in Dodging
  5315 | D:6      | Reached skill level 1 in Throwing
  5315 | D:6      | Reached skill level 3 in Invocations
  5481 | D:6      | 5481 ||| Stepping ~*~*~tactically~*~*~ (hiding).
  5482 | D:6      | 5482 ||| Stepping ~*~*~tactically~*~*~ (hiding).
  5483 | D:6      | 5483 ||| INVOKING Heroism.
  5709 | D:6      | 5709 ||| DROPPING ring of positive energy.
  5710 | D:6      | 5710 ||| UPGRADING to +4 ring of protection.
  5712 | D:6      | 5712 ||| READING scroll labelled CISOAB MUUPNIPN.
  6274 | D:7      | 6274 ||| INVOKING Heroism.
  6275 | D:7      | 6275 ||| UPGRADING to amulet of reflection.
  6285 | D:7      | 6285 ||| INVOKING Heroism.
  6625 | D:7      | 6625 ||| READING 2 scrolls labelled EVO HIMAIPHUKE.
  6626 | D:7      | 6626 ||| READING scroll of enchant weapon.
  6626 | D:7      | 6626 ||| ENCHANTING +1 war axe.
  6627 | D:7      | 6627 ||| READING scroll labelled YCRUTOVENI.
  6628 | D:7      | 6628 ||| READING scroll labelled XAIPTU LYDURAXT.
  6629 | D:7      | 6629 ||| READING 3 scrolls of identify.
  6629 | D:7      | 6629 ||| IDENTIFYING fizzy golden potion
  6630 | D:7      | 6630 ||| READING 2 scrolls of identify.
  6630 | D:7      | 6630 ||| IDENTIFYING bubbling dark potion
  6655 | D:8      | 6655 ||| STAIRDANCE
  6657 | D:7      | 6657 ||| INVOKING Heroism.
  6673 | D:7      | Reached ** piety under Okawaru
  6674 | D:7      | Reached skill level 8 in Axes
  6679 | D:8      | 6679 ||| INVOKING Heroism.
  6702 | D:8      | 6702 ||| DROPPING +0 flail.
  6728 | D:8      | 6728 ||| Stepping ~*~*~tactically~*~*~ (stealth).
  6730 | D:8      | 6730 ||| INVOKING Heroism.
  6738 | D:8      | Reached XP level 9. HP: 51/54 MP: 9/12
  6799 | D:8      | Reached skill level 6 in Fighting
  6876 | D:8      | Found a runed translucent door.
  6877 | D:8      | Noticed an orange crystal statue
  6877 | D:8      | Found the +10 tower shield of Ignorance {rN+ Int-4}
  6939 | D:8      | 6939 ||| INVOKING Heroism.
  7085 | D:8      | 7085 ||| Stepping ~*~*~tactically~*~*~ (hiding).
  7089 | D:8      | 7089 ||| INVOKING Heroism.
  7182 | D:8      | Found a runed translucent door.
  7298 | D:8      | 7298 ||| INVOKING Heroism.
  7299 | D:8      | 7299 ||| READING 3 scrolls of identify.
  7299 | D:8      | 7299 ||| IDENTIFYING bubbling blue potion
  7469 | D:8      | Noticed a hornet
  7478 | D:8      | Killed a hornet
  7554 | D:8      | 7554 ||| UPGRADING to +0 pair of boots.
  7559 | D:8      | 7559 ||| READING 2 scrolls of identify.
  7559 | D:8      | 7559 ||| IDENTIFYING murky white potion
  7560 | D:8      | 7560 ||| DROPPING potion of degeneration.
  7623 | D:9      | 7623 ||| Stepping ~*~*~tactically~*~*~ (hiding).
  7629 | D:9      | Reached skill level 9 in Axes
  7830 | D:9      | 7830 ||| Stepping ~*~*~tactically~*~*~ (stealth).
  7834 | D:9      | 7834 ||| INVOKING Heroism.
  7850 | D:9      | Reached skill level 6 in Armour
  7953 | D:9      | 7953 ||| Stepping ~*~*~tactically~*~*~ (stealth).
  7956 | D:9      | 7956 ||| Stepping ~*~*~tactically~*~*~ (stealth).
  7961 | D:9      | 7961 ||| Stepping ~*~*~tactically~*~*~ (stealth).
  8141 | D:9      | 8141 ||| INVOKING Heroism.
  8178 | D:9      | Noticed Gastronok
  8179 | D:9      | 8179 ||| Stepping ~*~*~tactically~*~*~ (hiding).
  8180 | D:9      | 8180 ||| Stepping ~*~*~tactically~*~*~ (hiding).
  8187 | D:9      | 8187 ||| INVOKING Heroism.
  8209 | D:9      | 8209 ||| INVOKING Heroism.
  8213 | D:9      | HP: 6/56 [Gastronok/the air (13)]
  8213 | D:9      | HP: 1/56 [river rat[Gastronok] (5)]
  8214 | D:9      | 8214 ||| READING 10 scrolls of teleportation.
  8214 | D:9      | Killed from afar by Gastronok

Levels and vault maps discovered:
D:1:      psy_arrival_whirlpool, layout_loops_ring
D:2:      layout_loops_corners, nicolae_concentric_dashed_squares_mild
D:3:      layout_rooms, minitemple, chequers_ecumenical_altar_lobes
D:4:      layout_loops_ring, mainiacjoe_overflow_alcove_2,
          nicolae_hepliaklqana_hazy_memory, minmay_temple_entry_gardened_gates
D:5:      layout_loops_ring, mainiacjoe_overflow_paths, serial_bayou_pond_b
D:6:      layout_loops_ring, trog_ov_bears_minmay, dreamdust_princess_bridge
D:7:      layout_basic, minmay_misc_feat_x
D:8:      layout_basic, chequers_guarded_unrand_ignorance
D:9:      layout_basic, grunt_ministairs_15, uniq_gastronok
Temple:   bh_familiar_temple

Skill      XL: |  1  2  3  4  5  6  7  8  9 |
---------------+----------------------------+-----
Axes           | 2 3 4 5 6 7 8 9 |  9.1
Fighting       | 4 5 6 |  6.9
Armour         | 4 6 |  6.0
Invocations    | 1 4 |  4.4
Dodging        | 1 |  1.0
Throwing       | 1 |  1.0
Shields        | 4 |  4.2

Action                   |  1- 3 |  4- 6 |  7- 9 || total
-------------------------+-------+-------+-------++-------
Melee: War axe           |    92 |   149 |   280 ||   521
Throw: Boomerang         |       |    45 |    23 ||    68
Invok: Heroism           |       |       |    14 ||    14
  Use: Scroll            |     7 |     7 |    11 ||    25
       Potion            |       |     3 |       ||     3
Armor: Scale mail        |    45 |    22 |       ||    67
       Plate armour      |       |    57 |   184 ||   241
Dodge: Dodged            |    34 |    60 |   111 ||   205
Block: Buckler           |    12 |    32 |   116 ||   160
       Reflection        |       |       |     3 ||     3

Table legend:
 A = Non-vault XP
 B = Vault XP
 C = Vault XP percentage of total XP
 D = Non-vault monster count
 E = Vault monster count
 F = Vault count percentage of total count
                 A         B        C        D         E       F
            +---------+---------+-------+---------+---------+-------
      Total |    3528 |     607 |  14.7 |     128 |       5 |   3.8
            +---------+---------+-------+---------+---------+-------
        D:1 |      31 |       0 |   0.0 |      19 |       0 |   0.0
        D:2 |     132 |       0 |   0.0 |      17 |       0 |   0.0
        D:3 |      53 |       0 |   0.0 |      18 |       0 |   0.0
        D:4 |      69 |       0 |   0.0 |      15 |       0 |   0.0
        D:5 |     453 |      13 |   2.8 |       7 |       1 |  12.5
        D:6 |     838 |     259 |  23.6 |      10 |       2 |  16.7
        D:7 |     433 |       0 |   0.0 |       6 |       0 |   0.0
        D:8 |     952 |       0 |   0.0 |      19 |       0 |   0.0
        D:9 |     567 |     335 |  37.1 |      17 |       2 |  10.5
            +---------+---------+-------+---------+---------+-------
